 Dungeon Crawl Stone Soup version 0.31.0-32-g396128a36d (webtiles) character file.

Game seed: 6905105783537405778

342872 Edyrem the Acrobat (level 23, -29/161 HPs)
             Began as a Kobold Hunter on Mar 15, 2024.
             Was the Champion of Okawaru.
             Annihilated by Margery the human simulacrum (64 damage)
             ... animated by a necromancer
             ... on level 3 of the Vaults on Mar 19, 2024.
             The game lasted 02:00:46 (39605 turns).

Edyrem the Acrobat (Kobold Hunter)                 Turns: 39605, Time: 02:00:46

Health: -29/161    AC: 21    Str: 11    XL:     23   Next: 4%
Magic:  34/40      EV: 48    Int: 16    God:    Okawaru [******]
Gold:   1241       SH:  5    Dex: 27    Spells: 34/49 levels left

rFire   + + .        c - +9 triple crossbow of Eternal Vigilance {penet, Fly rF+ Str-4 Int+2}
rCold   . . .        (shield currently unavailable)
rNeg    + . .        Z - +3 troll leather armour
rPois   .            L - +3 crown of Dyrovepreva {rElec Int+2 SInv}
rElec   +            k - +2 cloak
rCorr   .            T - +3 pair of gauntlets of War {Slay+5}
SInv    +            q - +2 pair of boots {Fly}
Will    ++...        z - amulet of reflection
Stlth   +++++        V - ring "Haan" {rF+ rN+ Will+ Str+6}
HPRegen 1.26/turn    X - +5 ring of evasion
MPRegen 0.27/turn

%: reflection
@: heroic, finesse-ful, flying
A: small, no large weapons, nightstalker 3
}: 2/15 runes: decaying, gossamer
a: Renounce Religion, Heroism, Finesse, Duel


You were on level 3 of the Vaults.
You worshipped Okawaru.
Okawaru was exalted by your worship.
You visited 7 branches of the dungeon, and saw 36 of its levels.
You visited 1 bazaar.
You also visited: Sewer and Ice Cave.

You collected 5442 gold pieces.
You spent 4201 gold pieces at shops.

Inventory:

Hand Weapons
 a - the +11 arbalest "Beetlebane" {flame, rPois rC+ Int+4 Dex+2}
   (Okawaru gifted it to you on level 3 of the Lair of Beasts)

   Int+4:     It affects your intelligence (+4).
   Dex+2:     It affects your dexterity (+2).
   rC+:       It protects you from cold.
   rPois:     It protects you from poison
 b - the +10 dagger of Animal Spirits {antimagic, rF+}
   (You bought it in a shop on level 2 of the Orcish Mines)

   rF+:       It protects you from fire.
 c - the +9 triple crossbow of Eternal Vigilance (weapon) {penet, Fly rF+ Str-4 Int+2}
   (You found it on level 2 of the Vaults)

   Str-4:     It affects your strength (-4).
   Int+2:     It affects your intelligence (+2).
   rF+:       It protects you from fire.
   Fly:       It grants you flight.
 d - a +4 hand cannon of electrocution
Missiles
 D - 3 darts of dispersal
 M - 4 throwing nets
Armour
 k - a +2 cloak (worn)
 l - a +2 buckler of cold resistance
 q - a +2 pair of boots of flying (worn)
 t - +5 steam dragon scales
 y - the +2 pair of gloves of Unreason {Regen+ Str-2 Dex+2}
   (You found it on level 5 of the Dungeon)

   Str-2:     It affects your strength (-2).
   Dex+2:     It affects your dexterity (+2).
   Regen+:    It increases your rate of health regeneration.
 L - the +3 crown of Dyrovepreva (worn) {rElec Int+2 SInv}
   (Okawaru gifted it to you on level 3 of the Lair of Beasts)

   Int+2:     It affects your intelligence (+2).
   rElec:     It insulates you from electricity.
   SInv:      It lets you see invisible.
 T - the +3 pair of gauntlets of War (worn) {Slay+5}
   (You found it on level 4 of the Spider Nest)

   Slay+5:    It affects your accuracy & damage with ranged weapons and melee
   (+5).
 Z - a +3 troll leather armour (worn)
Jewellery
 z - an amulet of reflection (around neck)
 K - a +5 ring of evasion
 S - a ring of positive energy
 V - the ring "Haan" (left hand) {rF+ rN+ Will+ Str+6}
   (You bought it in a shop on level 1 of the Vaults)

   [ring of strength]

   Str+6:     It affects your strength (+6).
   rF+:       It protects you from fire.
   rN+:       It protects you from negative energy.
   Will+:     It increases your willpower.
 X - a +5 ring of evasion (right hand)
Wands
 m - a wand of flame (102)
 o - a wand of paralysis (16)
 p - a wand of digging (10)
 v - a wand of iceblast (60)
 w - a wand of polymorph (36)
 E - a wand of mindburst (38)
 I - a wand of light (32)
Scrolls
 h - 3 scrolls of torment
 j - 11 scrolls of teleportation
 r - 7 scrolls of revelation
 u - 7 scrolls of fog
 F - 7 scrolls of fear
 G - 2 scrolls of blinking
 H - a scroll of silence
 P - 4 scrolls of immolation
 Y - 3 scrolls of poison
Potions
 e - 20 potions of curing {@q2}
 f - 5 potions of heal wounds {@q1}
 i - 3 potions of berserk rage
 n - 5 potions of brilliance
 s - 2 potions of cancellation
 x - 4 potions of resistance
 A - 4 potions of invisibility
 B - 9 potions of haste
 C - 6 potions of might
 J - 3 potions of magic
 N - 8 potions of lignification
 O - 6 potions of mutation
 R - 3 potions of attraction
 U - 3 potions of ambrosia
 W - 3 potions of enlightenment
Miscellaneous
 g - a lightning rod (4/4)
 Q - a tin of tremorstones (2/2)


   Skills:
 + Level 21.7(26.7) Fighting
 * Level 22.8(27) Ranged Weapons
 - Level 5.3(10.3) Armour
 + Level 23.6(27) Dodging
 - Level 1.3(6.3) Stealth
 - Level 13.8 Spellcasting
 - Level 13.5 Ice Magic
 - Level 10.3 Invocations
 - Level 10.0 Evocations


You had 34 spell levels left.
You knew the following spells:

 Your Spells              Type           Power      Damage    Failure   Level
a - Frozen Ramparts       Ice            100%       1d16      1%          3
b - Ozocubu's Armour      Ice            53%        N/A       1%          3
c - Blink                 Tloc           22%        N/A       12%         2
d - Dimensional Bullseye  Hex/Tloc       5%         N/A       58%         4
e - Inner Flame           Hex/Fire       11%        N/A       22%         3

Your spell library contained the following spells:

 Spells                   Type           Power      Damage    Failure   Level
 Ensorcelled Hibernation  Hex/Ice        64%        N/A       1%          2
 Hailstorm                Conj/Ice       32%        3d8       1%          3
 Magic Dart               Conj           44%        1d5       8%          1
 Shock                    Conj/Air       44%        1d5       8%          1
 Cigotuvi's Dreadful Rot  Necr/Alch/Air  22%        N/A       12%         2
 Lesser Beckoning         Tloc           22%        N/A       12%         2
 Scorch                   Fire           22%        2d5       12%         2
 Searing Ray              Conj           22%        2d5       12%         2
 Sublimation of Blood     Necr           11%        N/A       12%         2
 Metabolic Englaciation   Hex/Ice        16%        N/A       13%         5
 Dazzling Flash           Conj/Hex       22%        N/A       22%         3
 Gell's Gravitas          Tloc           11%        N/A       22%         3
 Mephitic Cloud           Conj/Alch/Air  11%        N/A       22%         3
 Sigil of Binding         Hex            11%        N/A       22%         3
 Swiftness                Air            11%        N/A       22%         3
 Teleport Other           Tloc           11%        N/A       22%         3
 Volatile Blastmotes      Fire/Tloc      22%        2d11      22%         3
 Ozocubu's Refrigeration  Ice            26%        4d13      24%         7
 Freezing Cloud           Conj/Ice/Air   12%        6-21      32%         5
 Airstrike                Air            5%         2d(1-17)  58%         4
 Anguish                  Hex/Necr       5%         N/A       58%         4
 Dispel Undead            Necr           11%        3d9       58%         4
 Flame Wave               Conj/Fire      11%        2d6       58%         4
 Fulminant Prism          Conj/Alch      5%         3d6       58%         4
 Ignite Poison            Fire/Alch      11%        N/A       58%         4
 Iskenderun's Mystic Bla  Conj/Tloc      11%        2d4       58%         4
 Leda's Liquefaction      Alch/Erth      5%         N/A       58%         4
 Olgreb's Toxic Radiance  Alch           11%        N/A       58%         4
 Petrify                  Alch/Erth      11%        N/A       58%         4
 Sticky Flame             Fire/Alch      11%        2d5       58%         4
 Alistair's Intoxication  Alch           7%         N/A       91%         5
 Borgnjor's Vile Clutch   Necr/Erth      5%         N/A       91%         5
 Irradiate                Conj/Alch      5%         3d13      91%         5
 Lee's Rapid Deconstruct  Erth           5%         3d6*      91%         5
 Bombard                  Conj/Erth      5%         9d2       100%        6
 Eringya's Noxious Bog    Alch           5%         4d6       100%        6
 Plasma Beam              Fire/Air       5%         2x1d16    100%        6
 Starburst                Conj/Fire      5%         6d4       100%        6
 Maxwell's Capacitive Co  Air            5%         ∞         100%        8
 Death's Door             Necr           5%         N/A       100%        9
 Polar Vortex             Ice            26%        12d3*     100%        9
 Call Imp                 Summ           Unusable   N/A       N/A         2
 Call Canine Familiar     Summ           Unusable   N/A       N/A         3
 Sculpt Simulacrum        Ice/Alch       Unusable   N/A       N/A         6
 Animate Armour           Summ/Erth      Unusable   N/A       N/A         4
 Martyr's Knell           Necr/Summ      Unusable   N/A       N/A         4
 Summon Lightning Spire   Summ/Air       Unusable   N/A       N/A         4
 Summon Forest            Summ/Tloc      Unusable   N/A       N/A         5
 Summon Mana Viper        Hex/Summ       Unusable   N/A       N/A         5
 Death Channel            Necr           Unusable   N/A       N/A         6
 Summon Cactus Giant      Summ           Unusable   N/A       N/A         6
 Malign Gateway           Summ/Tloc      Unusable   N/A       N/A         7
 Summon Hydra             Summ           Unusable   N/A       N/A         7

Dungeon Overview and Level Annotations

Branches:
Dungeon (15/15)            Temple (0/1) D:4            Lair (5/5) D:9
  Swamp (4/4) Lair:3       Spider (4/4) Lair:2        Slime (0/5) Lair:4
    Orc (2/2) D:10            Elf (3/3) Orc:2        Vaults (3/5) D:14
  Crypt (0/3) Vaults:2     Depths (0/4) D:15          Sewer (visited)
  IceCv (visited)

Altars:
Ashenzari
Dithmenos
Fedhas
Gozag
Hepliaklqana
Kikubaaqudgha
Makhleb
Nemelex Xobeh
Okawaru
Ru
Trog
Uskayaw
Vehumet
Wu Jian
Yredelemnul
The Shining One

Shops:
D:4 *   D:6 [   D:11 [   Orc:1 [   Orc:2 [*(:   Elf:2 =   Elf:3 =
Vaults:1 =?:**

Portals:
Trove: D:10 (give 7 scrolls of fear)

Annotations:
Lair:5 1 runed translucent door, Waters's ghost, journeyman DsFi


Innate Abilities, Weirdness & Mutations

You are small and have problems with some larger weapons.
You are completely attuned to the shadows.


Message History

The bolt pierces through the deep elf high priest!!
The deep elf high priest is severely wounded.
You shoot a bolt.
The bolt pierces through the hellephant.
The hellephant is heavily wounded.
The bolt pierces through the deep elf high priest!!
You kill the deep elf high priest!
Okawaru accepts your kill. The hellephant tramples you!!
You hold your ground!
The hellephant completely misses you. x2
You shoot a bolt.
The bolt pierces through the hellephant.
The hellephant is severely wounded.
The bolt pierces through the hell knight!!
The hell knight is heavily wounded.
The bolt pierces through the hell knight!
The hell knight is moderately wounded.
Margery completely misses you.
You shoot a bolt.
The bolt pierces through the hellephant!!!!
You kill the hellephant!
Okawaru accepts your kill.
The bolt pierces through the hell knight!!!
You kill the hell knight!
Okawaru accepts your kill.
The bolt pierces through the hell knight.
The hell knight is moderately wounded.
A freezing mist starts to gather...
A hell knight simulacrum comes into view.
You shoot a bolt.
The bolt pierces through the hell knight!!!!
You kill the hell knight!
Okawaru accepts your kill.
A freezing mist starts to gather...
A hell knight simulacrum comes into view.
A deep elf high priest simulacrum comes into view.
Margery hits you!
* * * LOW HITPOINT WARNING * * *
Margery freezes you!!!
You die...

#..# #..# #..# . #Z.#
.. #Z.#.Z. #@.))).
#Z)##.. #..# . #..#
################..#
..................#####
.......................
..)....................
..................#####


You could see a deep elf high priest simulacrum, 2 hell knight simulacra and
Margery the human simulacrum.

Vanquished Creatures
  Sojobo (Vaults:2)
  Bai Suzhen (Spider:4)
  Margery (Vaults:3)
  An Ice Fiend (IceCv)
  Zenata (Vaults:1)
  A hellephant (Vaults:3)
  Jorgrun (Swamp:2)
  Mlioglotl (Swamp:3)
  3 deep elf blademasters
  2 sphinxes
  2 deep elf master archers (Elf:3)
  Frances (D:12)
  Agnes (D:14)
  Aizul (Spider:4)
  An ancient champion (Vaults:2)
  A thorn hunter (Swamp:4)
  2 tengu reavers (Vaults:2)
  Donald (Swamp:2)
  A fenstrider witch (Swamp:3)
  10 deep elf sorcerers
  A fire giant (Vaults:1)
  5 ghost moths
  5 vault wardens
  4 emperor scorpions
  2 deep elf elementalists
  2 orc warlords
  Louise (Swamp:2)
  7 ironbound preservers
  4 eleionomae
  2 formless jellyfish
  5 broodmothers
  5 deep elf death magi
  4 ironbound thunderhulks
  3 deep elf demonologists
  Nessos (D:14)
  6 dire elephants
  5 bunyips
  9 deep elf annihilators
  3 spark wasps
  An ettin (Orc:2)
  Josephine (D:14)
  6 deep elf high priests
  8 yaktaur captains
  3 entropy weavers
  2 shambling mangroves (Swamp:4)
  An ice dragon (Lair:5)
  2 rakshasas (D:15)
  A great orb of eyes (Vaults:1)
  2 peacekeepers
  4 ironbound frosthearts
  5 ghost crabs
  6 vault guards
  30 hydras
  9 alligators
  2 boulder beetles
  A jorogumo (Spider:4)
  9 centaur warriors
  A death knight (D:15)
  2 radroaches (Spider:4)
  4 two-headed ogres
  29 dancing weapons
  2 tengu warriors
  8 demonic crawlers
  8 death yaks (D:9)
  An occultist (D:15)
  Urug (D:13)
  4 orc high priests
  15 deep elf knights
  Nergalle (Lair:2)
  2 fire crabs (Lair:4)
  2 hell knights (Vaults:3)
  7 pharaoh ants
  5 skeletal warriors
  6 goliath frogs
  2 spriggan druids
  A swamp dragon (shapeshifter) (Elf:1)
  A skyshark (Lair:4)
  15 deep trolls
  2 spriggan simulacra (IceCv)
  12 orb spiders
  11 swamp dragons
  An obsidian statue (IceCv)
  12 deep elf archers
  10 steelbarb worms
  9 bog bodies
  A sun moth (Spider:3)
  5 arcanists
  5 harpies (Vaults:2)
  9 ironbound convokers
  11 lindwurms
  24 deep elf zephyrmancers
  A phantasmal warrior (D:15)
  4 lightning spires (Swamp:3)
  30 wolf spiders
  8 orc knights
  3 necromancers
  20 deep elf pyromancers
  6 cyclopes
  3 manticores
  12 ugly things
  A manticore (shapeshifter) (Elf:3)
  5 orc sorcerers
  4 will-o-the-wisps
  2 centaur zombies (D:15)
  2 stone giant skeletons (Vaults:2)
  4 moths of wrath
  10 meliai
  8 black mambas
  A fire giant skeleton (Vaults:2)
  13 elephants
  3 kobold blastminers (Orc:2)
  6 torpor snails
  A guardian serpent (Lair:5)
  10 vault sentinels
  3 gargoyles
  A torpor snail (shapeshifter) (Elf:1)
  A cane toad (shapeshifter) (Elf:1)
  3 rime drakes
  22 cane toads
  8 komodo dragons
  9 freezing wraiths
  2 kobold demonologists
  An unseen horror (shapeshifter) (D:13)
  20 yaktaurs
  A redback zombie (D:15)
  A tengu conjurer (D:15)
  9 ice devils (IceCv)
  A polar bear (Lair:3)
  5 hornets
  2 alligator simulacra (IceCv)
  A polar bear (shapeshifter) (Elf:1)
  5 bloated husks
  8 trolls
  A yaktaur skeleton (Vaults:2)
  11 tyrant leeches
  3 human skeletons (Vaults:2)
  8 blink frogs
  A raiju (shapeshifter) (Elf:1)
  17 tarantellas
  7 dream sheep (Lair:3)
  A centaur simulacrum (D:15)
  27 jumping spiders
  An ettin skeleton (Vaults:2)
  A deep troll skeleton (Vaults:2)
  24 culicivoras
  4 spriggans
  An elf skeleton (Vaults:2)
  37 slime creatures
  A spriggan (shapeshifter) (D:14)
  8 wyverns
  3 water elementals
  7 wraiths
  33 yaks
  A vampire (D:11)
  A human (shapeshifter) (Elf:1)
  A yak (shapeshifter) (D:14)
  A dire elephant simulacrum (IceCv)
  5 fire elementals
  A hog (shapeshifter) (Elf:1)
  A golden eye (shapeshifter) (Elf:1)
  19 humans (D:14)
  58 redbacks
  6 basilisks
  3 wargs (Orc:2)
  6 steam dragons
  2 minotaur simulacra (IceCv)
  16 vampire mosquitoes
  13 swamp worms
  21 water moccasins
  3 acid dragons
  A glowing shapeshifter skeleton (Vaults:2)
  8 swamp drakes
  Pargi (Sewer)
  22 orc warriors
  A sky beast (D:6)
  2 black bears (shapeshifter)
  4 black bears
  2 laughing skulls (D:14)
  14 boggarts
  An ice beast (D:6)
  An ogre (shapeshifter) (Elf:1)
  11 ogres
  18 wolves
  13 centaurs
  7 kobold brigands
  2 phantoms
  14 bullfrogs
  4 earth elementals
  A deep troll simulacrum (IceCv)
  3 gnoll sergeants
  5 scorpions
  14 wights
  16 killer bees
  3 lindwurm simulacra (IceCv)
  2 electric eels (Elf:3)
  A howler monkey (D:9)
  2 hounds
  A bombardier beetle (D:4)
  4 jellies
  2 gnoll boudas
  4 orc priests
  2 sleepcaps
  3 iguanas (Lair:5)
  14 orc wizards
  5 hell rats (Lair:5)
  6 adders
  20 gnolls
  3 river rats (D:5)
  A shadow imp (D:8)
  3 white imps (D:7)
  2 ufetubi (D:6)
  A dart slug (D:2)
  5 ribbon worms
  55 orcs
  11 ball pythons
  4 bats
  9 endoplasms
  2 giant cockroaches
  6 goblins
  7 hobgoblins
  6 jackals
  5 quokkas
  A frilled lizard (D:1)
  19 kobolds
  10 rats
1428 creatures vanquished.

Vanquished Creatures (others)
  A deep elf sorcerer (Elf:3)
  An ironbound preserver (Vaults:1)
  2 bloated husks
  A redback (Spider:4)
  2 foxfires (Swamp:3)
7 creatures vanquished.

Grand Total: 1435 creatures vanquished

Notes
Turn   | Place    | Note
-------+----------+-------------------------------------------
     0 | D:1      | Edyrem the Kobold Hunter began the quest for the Orb.
     0 | D:1      | Reached XP level 1. HP: 12/12 MP: 1/1
   169 | D:1      | Reached XP level 2. HP: 18/18 MP: 2/2
   344 | D:1      | Reached XP level 3. HP: 12/22 MP: 3/3
   714 | D:2      | Reached skill level 3 in Dodging
   916 | D:2      | Found an iron altar of Okawaru.
   939 | D:2      | Became a worshipper of Warmaster Okawaru
  1080 | D:2      | Reached XP level 4. HP: 27/27 MP: 4/4
  1266 | D:2      | Found a faded altar of an unknown god.
  1729 | D:3      | Noticed an ogre
  1738 | D:3      | Killed an ogre
  1739 | D:3      | Reached XP level 5. HP: 16/32 MP: 5/5
  2421 | D:3      | Found a burning altar of Makhleb.
  2535 | D:3      | Found an iron altar of Okawaru.
  2684 | D:4      | Noticed a black bear
  2690 | D:4      | Killed a black bear
  2691 | D:4      | Reached skill level 4 in Dodging
  2691 | D:4      | Reached XP level 6. HP: 19/38 MP: 6/6
  2851 | D:4      | Reached * piety under Okawaru
  2998 | D:4      | Reached XP level 7. HP: 43/43 MP: 7/7
  3157 | D:4      | Found a staircase to the Ecumenical Temple.
  3178 | D:4      | Found Tucopnai's General Store.
  3183 | D:4      | Bought a scroll of identify for 26 gold pieces
  3429 | D:4      | Found a bloodstained altar of Trog.
  3479 | D:4      | Reached skill level 5 in Dodging
  3811 | D:5      | Entered Level 5 of the Dungeon
  3840 | D:5      | Identified the +2 pair of gloves of Unreason {Regen+ Str-2
                  | Dex+2}
  4020 | D:5      | Reached skill level 1 in Invocations
  4024 | D:5      | Found a hazy altar of Hepliaklqana.
  4059 | D:5      | Reached ** piety under Okawaru
  4060 | D:5      | Reached skill level 5 in Fighting
  4060 | D:5      | Reached XP level 8. HP: 49/49 MP: 7/9
  4160 | D:5      | Found a glowing drain.
  4211 | Sewer    | Entered a sewer
  4309 | Sewer    | Noticed Pargi
  4317 | Sewer    | Killed Pargi
  4396 | Sewer    | Identified 2 scrolls of acquirement
  4396 | Sewer    | Acquired the +5 orcbow of the Skies Above {antimagic,
                  | Str+6}
  4461 | D:5      | Acquired 806 gold pieces
  4641 | D:6      | Reached skill level 10 in Ranged Weapons
  4788 | D:6      | Reached *** piety under Okawaru
  4789 | D:6      | Reached XP level 9. HP: 39/55 MP: 3/11
  5129 | D:6      | Reached skill level 5 in Invocations
  5175 | D:6      | Found Cosymi Xycki's Armour Shoppe.
  5571 | D:7      | Reached **** piety under Okawaru
  5596 | D:7      | Found a radiant altar of Vehumet.
  5904 | D:7      | Reached XP level 10. HP: 63/63 MP: 4/14
  6165 | D:7      | Found a sacrificial altar of Ru.
  6170 | D:7      | Found a hide-covered altar of Uskayaw.
  6511 | D:8      | Found a basalt altar of Yredelemnul.
  6562 | D:8      | Reached ***** piety under Okawaru
  6809 | D:8      | Found a sparkling altar of Nemelex Xobeh.
  6809 | D:8      | Found an opulent altar of Gozag.
  7368 | D:9      | Received a gift from Okawaru
  7531 | D:9      | Noticed a death yak
  7531 | D:9      | Noticed a death yak
  7532 | D:9      | Noticed a death yak
  7559 | D:9      | Killed a death yak
  7700 | D:9      | Reached skill level 15 in Ranged Weapons
  7700 | D:9      | Reached XP level 11. HP: 69/69 MP: 5/16
  8072 | D:9      | Found a blossoming altar of Fedhas.
  8123 | D:9      | Noticed a death yak
  8135 | D:9      | Noticed a death yak
  8136 | D:9      | Killed a death yak
  8138 | D:9      | Noticed a death yak
  8140 | D:9      | Noticed a death yak
  8140 | D:9      | Noticed a death yak
  8143 | D:9      | Killed a death yak
  8161 | D:9      | Killed a death yak
  8161 | D:9      | Received a gift from Okawaru
  8165 | D:9      | Killed a death yak
  8175 | D:9      | Killed a death yak
  8180 | D:9      | Killed a death yak
  8181 | D:9      | Reached skill level 10 in Fighting
  8187 | D:9      | Killed a death yak
  8187 | D:9      | Received a gift from Okawaru
  8232 | D:9      | Found a staircase to the Lair.
  8312 | D:9      | Noticed a two-headed ogre
  8317 | D:9      | Killed a two-headed ogre
  8318 | D:9      | Reached XP level 12. HP: 77/77 MP: 6/18
  8559 | Lair:1   | Entered Level 1 of the Lair of Beasts
  8908 | Lair:1   | Found a glowing golden altar of the Shining One.
  9512 | Lair:2   | Found a hole to the Spider Nest.
  9518 | Lair:2   | Received a gift from Okawaru
  9553 | Lair:2   | You fall into a shaft and drop 1 floor!
  9794 | Lair:2   | Noticed an eight-headed hydra
  9802 | Lair:2   | Killed an eight-headed hydra
  9851 | Lair:2   | Reached skill level 10 in Invocations
 10131 | Lair:2   | Noticed Nergalle
 10143 | Lair:2   | Killed Nergalle
 10178 | Lair:2   | Received a gift from Okawaru
 10714 | Lair:3   | Reached XP level 13. HP: 80/84 MP: 6/20
 10819 | Lair:3   | Noticed a seven-headed hydra
 10826 | Lair:3   | Killed a seven-headed hydra
 11002 | Lair:3   | Reached skill level 6 in Dodging
 11049 | Lair:3   | Reached ****** piety under Okawaru
 11049 | Lair:3   | Received a gift from Okawaru
 11050 | Lair:3   | Acquired the +11 arbalest "Beetlebane" {flame, rPois rC+
                  | Int+4 Dex+2}
 11050 | Lair:3   | Received a gift from Okawaru
 11054 | Lair:3   | Acquired the +3 crown of Dyrovepreva {rElec Int+2 SInv}
 11054 | Lair:3   | Received a gift from Okawaru
 11054 | Lair:3   | Found the +3 crown of Dyrovepreva {rElec Int+2 SInv}
 11245 | Lair:3   | Found a staircase to the Swamp.
 11503 | Lair:3   | Found a runed translucent door.
 11507 | Lair:3   | Noticed a four-headed hydra
 11509 | Lair:3   | Killed a four-headed hydra
 11510 | Lair:3   | Reached skill level 7 in Dodging
 11518 | Lair:3   | Identified the +1 morningstar of Resourcefulness {flame,
                  | rN+++ MP-9 Str+8 Int-5}
 12329 | Lair:4   | Found an iron altar of Okawaru.
 12391 | Lair:4   | Reached skill level 8 in Dodging
 12479 | Lair:4   | Found a staircase to the Slime Pits.
 12556 | Lair:4   | Received a gift from Okawaru
 12755 | Lair:4   | Noticed a four-headed hydra
 12760 | Lair:4   | Killed a four-headed hydra
 12841 | Lair:4   | Reached XP level 14. HP: 92/92 MP: 21/21
 13036 | Lair:5   | Entered Level 5 of the Lair of Beasts
 13107 | Lair:5   | Reached skill level 9 in Dodging
 13119 | Lair:5   | Received a gift from Okawaru
 13386 | Lair:5   | Received a gift from Okawaru
 13482 | Lair:5   | Acquired a manual of Dodging
 13526 | Lair:5   | Reached skill level 1 in Evocations
 13527 | Lair:5   | Reached skill level 10 in Dodging
 13544 | Lair:5   | Got the Handbook of Charged Last Rites
 13600 | Lair:5   | Reached skill level 1 in Armour
 13750 | Lair:5   | Received a gift from Okawaru
 13990 | Lair:5   | Found a runed translucent door.
 13991 | Lair:5   | Noticed Waters's ghost (journeyman DsFi)
 14361 | Lair:5   | Reached skill level 11 in Dodging
 14550 | D:10     | Entered Level 10 of the Dungeon
 14597 | D:10     | Found a shadowy altar of Dithmenos.
 15032 | D:10     | Reached XP level 15. HP: 100/100 MP: 22/22
 15081 | D:10     | Found a portal to a secret trove of treasure.
 15150 | D:10     | Found a staircase to the Orcish Mines.
 15312 | D:10     | Found an ornate altar of the Wu Jian Council.
 15655 | D:10     | Found a broken altar of Ashenzari.
 15722 | Orc:1    | Entered Level 1 of the Orcish Mines
 15782 | Orc:1    | Found Guoric's Armour Shoppe.
 15854 | Orc:2    | Entered Level 2 of the Orcish Mines
 15860 | Orc:2    | Noticed an orc warlord
 15872 | Orc:1    | Killed an orc warlord
 15906 | Orc:1    | Received a gift from Okawaru
 15972 | Orc:2    | Reached skill level 12 in Dodging
 15983 | Orc:2    | Reached skill level 5 in Evocations
 16106 | Orc:2    | Found Hueprume's Book Emporium.
 16165 | Orc:2    | Paralysed by an orc sorcerer for 2 turns
 16197 | Orc:2    | Found Ruirefud's General Store.
 16203 | Orc:2    | Bought a scroll of fear for 60 gold pieces
 16258 | Orc:2    | Found a staircase to the Elven Halls.
 16367 | Orc:2    | Found Edatt's Antique Weapon Shop.
 16372 | Orc:2    | Bought an ichor-stained dagger for 140 gold pieces
 16372 | Orc:2    | Identified the +10 dagger of Animal Spirits {antimagic,
                  | rF+} (You bought it in a shop on level 2 of the Orcish
                  | Mines)
 16449 | Orc:1    | Received a gift from Okawaru
 16701 | Orc:2    | Found Xaiguf's Antique Armour Emporium.
 16706 | Orc:2    | Bought a pair of embroidered boots for 285 gold pieces
 16936 | Orc:2    | Bought a shimmering leather armour for 266 gold pieces
 16936 | Orc:2    | Identified the +1 leather armour of Darkness {+Blink rC+++
                  | rN+} (You bought it in a shop on level 2 of the Orcish
                  | Mines)
 17250 | D:11     | Reached skill level 13 in Dodging
 17421 | D:11     | Found Quedd's Armour Shoppe.
 18379 | D:12     | Noticed Frances
 18383 | D:12     | Killed Frances
 18704 | D:13     | Reached skill level 15 in Fighting
 18763 | D:13     | Got Sif Muna's Tractate on Convocation and Anthracomancy
 18768 | D:13     | Received a gift from Okawaru
 18825 | D:13     | Reached skill level 5 in Armour
 18825 | D:13     | Reached skill level 14 in Dodging
 19200 | D:13     | Reached XP level 16. HP: 108/108 MP: 23/23
 19273 | D:13     | Noticed Urug
 19279 | D:13     | Killed Urug
 19860 | D:14     | Noticed Agnes
 19866 | D:14     | Killed Agnes
 19868 | D:14     | Noticed Nessos
 19873 | D:14     | Killed Nessos
 20072 | D:14     | Reached skill level 15 in Dodging
 20239 | D:14     | Noticed Josephine
 20242 | D:14     | Killed Josephine
 20242 | D:14     | Received a gift from Okawaru
 20652 | D:14     | Found a gate to the Vaults.
 20697 | D:14     | Reached skill level 16 in Dodging
 20796 | D:15     | Entered Level 15 of the Dungeon
 20866 | D:15     | Received a gift from Okawaru
 20988 | D:15     | Got the Omnibus of the Welkin and Attendants
 21166 | D:15     | Reached skill level 10 in Evocations
 21291 | D:15     | Reached skill level 1 in Spellcasting
 21329 | D:15     | Reached skill level 17 in Dodging
 21334 | D:15     | Received a gift from Okawaru
 21336 | D:15     | Found a staircase to the Depths.
 21415 | D:15     | Got Sif Muna's Spellbook of Transmuted Hail
 21466 | D:15     | Found an ancient bone altar of Kikubaaqudgha.
 21883 | Orc:2    | Bought a book of Winter for 544 gold pieces
 21887 | Orc:2    | Learned a level 3 spell: Frozen Ramparts
 21891 | Orc:2    | Learned a level 3 spell: Ozocubu's Armour
 21928 | Elf:1    | Entered Level 1 of the Elven Halls
 21943 | Elf:1    | Reached skill level 1 in Ice Magic
 21943 | Elf:1    | Reached XP level 17. HP: 105/116 MP: 24/24
 22080 | Elf:1    | Received a gift from Okawaru
 22362 | Elf:1    | Reached skill level 18 in Dodging
 22539 | Elf:1    | Identified the +3 leather armour "Yheluamm" {Harm *Corrode
                  | rF+++ Stlth+}
 23908 | Elf:2    | Found Toraylew's Jewellery Boutique.
 24005 | Elf:2    | Received a gift from Okawaru
 24018 | Elf:2    | Reached skill level 5 in Spellcasting
 24163 | Elf:2    | Found a runed translucent gate.
 24176 | Elf:2    | Found a runed translucent gate.
 24177 | Elf:2    | Found a runed translucent gate.
 24460 | Elf:2    | Noticed a Brimstone Fiend
 24474 | Elf:2    | Reached skill level 5 in Ice Magic
 24554 | Elf:2    | Received a gift from Okawaru
 24555 | Elf:2    | Reached skill level 19 in Dodging
 24820 | Elf:2    | Reached XP level 18. HP: 124/124 MP: 24/27
 24851 | Elf:2    | Noticed a deep elf blademaster
 24862 | Elf:2    | Killed a deep elf blademaster
 24973 | Elf:2    | Received a gift from Okawaru
 25222 | Elf:3    | Entered Level 3 of the Elven Halls
 25259 | Elf:3    | Found Edeukisa's Jewellery Emporium.
 25755 | Elf:3    | Received a gift from Okawaru
 25759 | Elf:3    | Noticed a deep elf master archer
 25769 | Elf:3    | Killed a deep elf master archer
 25817 | Elf:3    | Received a gift from Okawaru
 26000 | Elf:3    | Noticed a deep elf blademaster
 26001 | Elf:3    | Noticed a deep elf blademaster
 26005 | Elf:3    | Killed a deep elf blademaster
 26011 | Elf:3    | Noticed a deep elf master archer
 26012 | Elf:3    | Killed a deep elf blademaster
 26013 | Elf:3    | Reached skill level 20 in Dodging
 26017 | Elf:3    | Killed a deep elf master archer
 26206 | Elf:3    | Received a gift from Okawaru
 26207 | Elf:3    | Reached XP level 19. HP: 131/131 MP: 31/31
 26274 | Elf:3    | Identified the +1 war axe "Kuym" {freeze, rC- Str-2 Dex+9}
 26278 | Elf:3    | Identified the +4 shortbow of Impeachment {drain, rElec}
 26323 | Elf:3    | Got Kysyguef's Anthology of the Damned and Command
 26341 | Elf:3    | Identified the +7 plate armour of Context {rPois rF+
                  | Stlth-}
 26349 | Elf:3    | Acquired Zian's Cyclopedia of the Scorpion and Dislocation
 27182 | Swamp:1  | Entered Level 1 of the Swamp
 27511 | Elf:3    | Bought the amulet "Kishru Lumueg" {rF+ rC+ Regen+ Int+3}
                  | for 859 gold pieces
 28238 | Swamp:2  | Noticed Donald
 28241 | Swamp:2  | Killed Donald
 28303 | Swamp:2  | Noticed Jorgrun
 28308 | Swamp:2  | Killed Jorgrun
 28574 | Swamp:2  | Noticed Louise
 28577 | Swamp:2  | Killed Louise
 28577 | Swamp:2  | Received a gift from Okawaru
 29178 | Swamp:3  | Noticed Mlioglotl
 29182 | Swamp:3  | Killed Mlioglotl
 29305 | Swamp:3  | Learned a level 2 spell: Blink
 29469 | Swamp:3  | Received a gift from Okawaru
 29631 | Swamp:4  | Entered Level 4 of the Swamp
 29815 | Swamp:4  | Reached skill level 10 in Spellcasting
 30121 | Swamp:4  | Reached XP level 20. HP: 107/139 MP: 34/34
 30122 | Swamp:4  | Reached skill level 21 in Dodging
 30134 | Swamp:4  | Received a gift from Okawaru
 30178 | Swamp:4  | Reached skill level 10 in Ice Magic
 30636 | Swamp:4  | Got a decaying rune of Zot
 30813 | Spider:1 | Entered Level 1 of the Spider Nest
 30999 | Spider:1 | Learned a level 4 spell: Dimensional Bullseye
 31003 | Spider:1 | Learned a level 3 spell: Inner Flame
 31017 | Spider:1 | Received a gift from Okawaru
 31286 | Spider:1 | Identified the +5 war axe of Ytega {heavy, rPois rF+ Str-3
                  | Dex+5}
 32052 | Spider:2 | Found a glacial archway.
 32060 | IceCv    | Entered an ice cave
 32182 | IceCv    | Noticed an Ice Fiend
 32202 | IceCv    | Killed an Ice Fiend
 32407 | IceCv    | Identified the +6 chain mail "Ecas" {rElec rN+++ Will-
                  | Str-3}
 32508 | IceCv    | Received a gift from Okawaru
 33435 | Spider:2 | Received a gift from Okawaru
 33499 | Spider:3 | Reached XP level 21. HP: 133/146 MP: 36/36
 34004 | Spider:4 | Entered Level 4 of the Spider Nest
 34016 | Spider:4 | Reached skill level 22 in Dodging
 34035 | Spider:4 | Noticed Bai Suzhen
 34062 | Spider:4 | Killed Bai Suzhen
 34070 | Spider:4 | HP: 6/146 [disintegration (40)]
 34215 | Spider:4 | Received a gift from Okawaru
 34237 | Spider:4 | Identified the serpent talisman of Hide-and-Seek {rElec
                  | MP+9 SInv}
 34237 | Spider:4 | Noticed Aizul
 34257 | Spider:4 | Killed Aizul
 34707 | Spider:4 | Received a gift from Okawaru
 34855 | Spider:4 | Found the +3 pair of gauntlets of War {Slay+5}
 34875 | Spider:4 | Got a gossamer rune of Zot
 35531 | Vaults:1 | Entered Level 1 of the Vaults
 35723 | Vaults:1 | Found Wekutz's Jewellery Shop.
 35728 | Vaults:1 | Bought the ring "Haan" {rF+ rN+ Will+ Str+6} for 897 gold
                  | pieces
 36025 | Vaults:1 | Found Ihusuipnunt's General Store.
 36139 | Vaults:1 | Found Gyihuit's Assorted Antiques.
 36179 | Vaults:1 | Reached XP level 22. HP: 153/153 MP: 39/39
 36193 | Vaults:1 | Received a gift from Okawaru
 36622 | Vaults:1 | Found Xyobecov's Book Emporium.
 36629 | Vaults:1 | Found Nonwoll's Magic Scroll Shop.
 36993 | Vaults:1 | Noticed Zenata
 36997 | Vaults:1 | Killed Zenata
 37132 | Vaults:1 | Received a gift from Okawaru
 37223 | Vaults:1 | Reached skill level 23 in Dodging
 37658 | Vaults:2 | Received a gift from Okawaru
 37745 | Vaults:2 | Found a flickering gateway to a bazaar.
 37751 | Bazaar   | Entered a bazaar
 37952 | Bazaar   | Found Pevugac's Antique Weapon Shoppe.
 37953 | Bazaar   | Found Qeific's Distillery.
 37957 | Bazaar   | Bought a triple crossbow for 200 gold pieces
 37967 | Bazaar   | Bought a twisted dagger for 140 gold pieces
 37967 | Bazaar   | Identified the +2 dagger of Untimely Demise {drain, rElec
                  | rPois Str+3} (You bought it in a shop in a bazaar)
 37973 | Bazaar   | Found Dairchuih's Magic Scroll Emporium.
 37977 | Bazaar   | Found Qitwas's Book Emporium.
 37978 | Bazaar   | Bought a scroll of brand weapon for 95 gold pieces
 37983 | Bazaar   | Bought a book of Air for 242 gold pieces
 37987 | Bazaar   | Bought a scroll of enchant weapon for 75 gold pieces
 37998 | Bazaar   | Bought a potion of curing for 36 gold pieces
 37998 | Bazaar   | Bought a potion of haste for 120 gold pieces
 37998 | Bazaar   | Bought a potion of haste for 120 gold pieces
 37998 | Bazaar   | Bought a potion of mutation for 96 gold pieces
 38674 | Vaults:2 | Identified the +9 triple crossbow of Eternal Vigilance
                  | {penet, Fly rF+ Str-4 Int+2}
 38822 | Vaults:2 | Received a gift from Okawaru
 38824 | Vaults:2 | Noticed Sojobo
 38827 | Vaults:2 | Paralysed by an air elemental for 1 turns
 38837 | Vaults:2 | Paralysed by an air elemental for 1 turns
 38865 | Vaults:2 | HP: 7/155 [stone wall collision (26)]
 38870 | Vaults:2 | Killed Sojobo
 39147 | Vaults:2 | Found a staircase to the Crypt.
 39585 | Vaults:3 | Noticed Margery
 39600 | Vaults:3 | Killed Margery
 39601 | Vaults:3 | Reached XP level 23. HP: 68/161 MP: 33/40
 39605 | Vaults:3 | Annihilated by Margery the human simulacrum

Illustrated notes

Levels and vault maps discovered:
D:1:      giann_wishing_wells, layout_rooms
D:2:      layout_basic, basic_altar, shapermc_ecumenical_altar_notcrosses,
          hangedman_feature_mirror
D:3:      layout_loops_ring, mainiacjoe_overflow_brackets,
          lightli_temple_of_fire
D:4:      layout_loops_ring, old_standard_altar, minmay_temple_entry_junction_2,
          serial_shops, nicolae_shop_rolling_square, serial_forest,
          infiniplex_forest_lined_3, infiniplex_forest_end_2,
          infiniplex_forest_end_3, infiniplex_forest_clump_double,
          infiniplex_forest_clump_long, infiniplex_forest_clump_small,
          guppyfry_early_orc_mine
D:5:      layout_basic, nicolae_hepliaklqana_hazy_memory, portal_sewer_entry_a
D:6:      layout_loops_ring, serial_shops, nicolae_take_the_stairs,
          lemuel_flame_loot_1
D:7:      layout_cave_pods, vehumet_altar_wand_db, jmf_multi_god_temple2
D:8:      layout_basic, grunt_temple_overflow_opulence, amcnicky_altar_gilded
D:9:      layout_loops_cross, fedhas_ov_isle_minmay, dpeg_lair_monsters
D:10:     layout_stronghold, mainiacjoe_overflow_alcove_2, kennysheep_mini_moat,
          lemuel_doored_altar, erik_orc_3, enter_trove_2,
          kennysheep_generic_room_3
D:11:     layout_long_grid, serial_shops, shop
D:12:     layout_cross, uniq_frances
D:13:     layout_gridville, onia_ninara_dug_in_and_dangerous, uniq_urug
D:14:     layout_rooms, grunt_vaults_entry_tiered, kennysheep_flooded_box,
          dk_noncrumbling_3, nicolae_zig_zag_zippers, uniq_agnes,
          uniq_josephine, uniq_nessos
D:15:     grunt_enter_depths_magical_seal, layout_long_grid,
          kiku_gazebo_pond_becter, grunt_ministairs_12
Lair:1:   layout_hall_layers, basic_altar
Lair:2:   layout_chaotic_city, spider_nest_entry_rubble, st_stairs_8,
          uniq_nergalle
Lair:3:   layout_cave_pods, swamp_mist, minivault_19, pf_torpor_hydra,
          grunt_megastairs_5, serial_bayou_shore_b, serial_bayou_shore_b,
          lemuel_fruit_fields
Lair:4:   layout_cave_pods, slime_entry_2, minmay_hedge_maze,
          lemuel_centaur_altar, serial_bayou_shore_b
Lair:5:   hangedman_lair_tendril_chambers, layout_regular_city,
          guppyfry_lair_end_dragon, gammafunk_ghost_grave
Swamp:1:  layout_basic_swamp, evilmike_swamp_ruin_house_1
Swamp:2:  layout_basic_swamp, nicolae_swamp_trees_clearing, uniq_donald,
          uniq_jorgrun, uniq_louise
Swamp:3:  layout_falls_marsh, evilmike_swamp_ruin_house_5,
          hangedman_swamp_phenomena, nicolae_swamp_tree_isthmus, uniq_mlioglotl
Swamp:4:  swamp_basic_johnstein, layout_basic_swamp
Spider:1: layout_cave_pods, nicolae_spider_wall_of_niches
Spider:2: layout_cave_pods, portal_ice_cave_entry_pillars_2,
          nicolae_spider_moth_buddies
Spider:3: layout_spider_delve
Spider:4: grunt_spider_rune_parallel, uniq_bai_suzhen, uniq_aizul
Orc:1:    layout_caves, serial_shops, nicolae_shop_trees
Orc:2:    grunt_orc_gardens, layout_caves, grunt_orc_garden, grunt_orc_garden,
          grunt_orc_garden, grunt_orc_garden
Elf:1:    nicolae_elf_arrival_no_cutting_in_line, layout_loops_corners,
          nicolae_elf_shapeshifter_party
Elf:2:    nicolae_elf_blades_crystal_corner, layout_gridlike, serial_shops,
          nicolae_shop_waterfront
Elf:3:    minmay_elf_hall_quartered_circle, layout_geoelf_castle, serial_shops,
          shop
Vaults:1: nicolae_vaults_cornered_office, vaults_dpeg_emergency_exit,
          nicolae_vaults_know_your_exits, nicolae_vaults_ring_of_whatevers,
          nicolae_vaults_windows_and_doors_thing, ontoclasm_vaults_misaligned,
          nicolae_vaults_triangles, ontoclasm_vaults_ligature,
          vaults_room_grunt_arrival_ludios, nicolae_vaults_two_Ls,
          ontoclasm_vaults_chip, layout_vaults_chaotic_city, serial_shops,
          shop_statue, nicolae_square_shop, nicolae_shop_pleasant_corner_grove,
          shop, nicolae_shop_tiny_statue_garden, uniq_zenata
Vaults:2: nicolae_vaults_ring_of_whatevers, nicolae_vaults_shelves_hall,
          v_misc_14, nicolae_vaults_network_s,
          minmay_crypt_entry_skeletal_spiral, v_misc_10, v_misc_2,
          nicolae_vaults_rhombus_7, hangedman_vaults_corner_blocks,
          ontoclasm_vaults_ring_large, nicolae_vaults_double_plus_2,
          nicolae_vaults_yaktaur_gun_rack, hangedman_vaults_stretched_pinwheel,
          vaults_room_door_hall, nicolae_vaults_little_squares_2,
          vaults_mumra_hexcomb, layout_vaults_omnibox, serial_shops,
          bzr_entry_safe, uniq_sojobo
Vaults:3: nicolae_vaults_quartermaster, vaults_room_corners, v_misc_15,
          nicolae_vaults_mini_display_case, vaults_room_fancy_cross,
          nicolae_vaults_angled_halls, layout_vaults_quadrants, serial_shops,
          shop, uniq_margery, uniq_jory

Skill      XL: |  1  2  3  4  5  6  7  8  9 10 11 12 13 14 15 16 17 18 19 20 21 22 |
---------------+-------------------------------------------------------------------+-----
Ranged Weapons | 6 7 8 9 11 13 15 17 19 20 22 | 22.8
Dodging        | 3 4 5 8 11 14 17 19 20 21 22 23 | 23.6
Fighting       | 3 4 5 6 7 8 10 11 12 14 15 16 17 18 19 20 21 | 21.7
Invocations    | 1 3 5 7 9 10 | 10.3
Evocations     | 3 7 10 | 10.0
Armour         | 2 5 |  5.3
Spellcasting   | 2 6 8 10 11 13 | 13.8
Ice Magic      | 1 5 8 9 11 12 13 | 13.5
Stealth        | |  1.3

Action                     |  1- 3 |  4- 6 |  7- 9 | 10-12 | 13-15 | 16-18 | 19-21 | 22-24 || total
---------------------------+-------+-------+-------+-------+-------+-------+-------+-------++-------
  Melee: Dagger            |       |       |       |       |       |     5 |       |       ||     5
   Fire: Shortbow          |    97 |   132 |   127 |       |       |       |       |       ||   356
         Orcbow            |       |       |   137 |   461 |    71 |   313 |       |       ||   982
         Arbalest          |       |       |       |       |   700 |   556 |  1245 |   344 ||  2845
         Hand cannon       |       |       |       |       |       |       |    18 |       ||    18
         Triple crossbow   |       |       |       |       |       |       |       |   127 ||   127
   Cast: Ozocubu's Armour  |       |       |       |       |       |     1 |     1 |       ||     2
         Frozen Ramparts   |       |       |       |       |       |     1 |     1 |       ||     2
 Invoke: Heroism           |       |       |       |     3 |       |     2 |     2 |     3 ||    10
         Receive Weapon    |       |       |       |       |     1 |       |       |       ||     1
         Receive Armour    |       |       |       |       |     1 |       |       |       ||     1
         Finesse           |       |       |       |       |       |     1 |     1 |     1 ||     3
  Evoke: Wand              |       |       |       |       |     1 |       |       |       ||     1
    Use: Scroll            |       |       |    18 |     7 |     7 |     8 |     9 |     9 ||    58
         Potion            |       |       |       |       |       |     5 |     4 |     5 ||    14
 Armour: Leather armour    |    16 |    23 |    73 |     9 |       |       |       |       ||   121
         Steam dragon scal |       |       |       |    86 |   177 |   143 |   343 |    40 ||   789
         Troll leather arm |       |       |       |       |       |       |       |    57 ||    57
  Dodge: Dodged            |    27 |    44 |   150 |   179 |   436 |   381 |  1736 |   486 ||  3439
  Block: Other             |       |       |       |    20 |    91 |    55 |    38 |    60 ||   264
         Reflection        |       |       |       |       |     4 |    14 |     3 |     2 ||    23
         Buckler           |       |       |       |       |       |       |     1 |       ||     1
